 Dungeon Crawl Stone Soup version 0.28.0-53-g5a82cb258f (webtiles) character file.

Game seed: 5039257481089684303

46356 Sanktem7 the Warrior (level 14, 0/219 HPs)
             Began as a Minotaur Fighter on June 27, 2022.
             Was the Champion of Okawaru.
             Succumbed to a sea snake's poison
             ... on level 6 of the Lair of Beasts.
             The game lasted 01:18:54 (21426 turns).

Sanktem7 the Warrior (Minotaur Fighter)            Turns: 21426, Time: 01:18:55

Health: 0/219      AC: 34    Str: 22    XL:     14   Next: 4%
Magic:  13/13      EV:  2    Int:  3    God:    Okawaru [******]
Gold:   1329       SH:  0    Dex: 15    Spells: 13/13 levels left

rFire   . . .      SeeInvis .   r - +10 morningstar "Cuos Nae" {protect, rPois rC+++ Str-3 Dex+4, mace}
rCold   + + +      Faith    .   c - +0 buckler
rNeg    . . .      Spirit   .   (armour currently unavailable)
rPois   +          Reflect  .   (helmet currently unavailable)
rElec   .          Harm     .   (cloak currently unavailable)
rCorr   +          Rampage  .   (gloves currently unavailable)
Will    +....      NoTele   +   (boots currently unavailable)
Stlth   +.........              U - amulet of the acrobat
HPRegen 0.46/turn               R - ring of poison resistance
MPRegen 0.13/turn               A - ring of resist corrosion

@: confused, lethally poisoned (0 -> -31), tree-form, ambrosia-drunk, under a
protective aura
A: stationary, stasis, torment immunity, boosted hp, (horns 2), (retaliatory
headbutt), dopey 1
a: Renounce Religion, Heroism, Finesse, Duel


You were on level 6 of the Lair of Beasts.
You worshipped Okawaru.
Okawaru was exalted by your worship.
You were a tree.
You visited 2 branches of the dungeon, and saw 17 of its levels.
You also visited: Ossuary.

You collected 1329 gold pieces.


Innate Abilities, Weirdness & Mutations

You are a tree.
Your roots penetrate the ground, keeping you stationary.
You cannot be teleported.
You are immune to unholy pain and torment.
Your maximum health is greatly increased.
Your equipment is partially melded.
((You have a pair of horns on your head.))
((You reflexively headbutt those who attack you in melee.))
You are dopey. (Int -2)


   Skills:
 * Level 19.0 Fighting
 - Level 3.8(12.7) Axes
 * Level 18.5(18.7) Maces & Flails
 - Level 5.4 Throwing
 + Level 10.3 Armour
 - Level 3.6 Shields


You had 13 spell levels left.
You didn't know any spells.
Your spell library contained the following spells:

 Spells                   Type           Power      Damage    Failure   Level
 Apportation              Tloc           0%         N/A       63%         1
 Magic Dart               Conj           0%         1d3       63%         1
 Sting                    Tmut/Pois      0%         1d3       63%         1
 Searing Ray              Conj           0%         2d4       77%         2
 Anguish                  Hex/Necr       0%         N/A       100%        4
 Fulminant Prism          Conj/Hex       0%         3d6       100%        4
 Hailstorm                Conj/Ice       0%         3d3       100%        4
 Ice Form                 Ice/Tmut       0%         N/A       100%        4
 Iskenderun's Mystic Bla  Conj/Tloc      0%         2d3       100%        4
 Lee's Rapid Deconstruct  Erth           0%         3d5*      100%        5
 Enfeeble                 Hex            0%         N/A       100%        7
 Animate Skeleton         Necr           Unusable   N/A       N/A         1
 Summon Small Mammal      Summ           Unusable   N/A       N/A         1
 Tukima's Dance           Hex            Unusable   N/A       N/A         3
 Summon Ice Beast         Ice/Summ       Unusable   N/A       N/A         4
 Summon Forest            Summ/Tloc      Unusable   N/A       N/A         5
 Summon Mana Viper        Hex/Summ       Unusable   N/A       N/A         5
 Simulacrum               Ice/Necr       Unusable   N/A       N/A         6
 Summon Cactus Giant      Summ           Unusable   N/A       N/A         6
 Monstrous Menagerie      Summ           Unusable   N/A       N/A         7

Inventory:

Hand Weapons
 r - the +10 morningstar "Cuos Nae" (weapon) {protect, rPois rC+++ Str-3 Dex+4, mace}
   (You found it on level 2 of the Dungeon)

   It grants its wielder temporary protection when it strikes (+7 to AC).
   Str:       It affects your strength (-3).
   Dex:       It affects your dexterity (+4).
   rC:        It renders you almost immune to cold.
   rPois:     It protects you from poison.
Missiles
 g - 13 boomerangs (quivered) {throwing}
 h - 2 javelins {throwing}
 p - 17 poisoned darts {throwing}
 F - 4 datura-tipped darts {throwing}
 L - 6 silver javelins {throwing}
 S - 2 atropa-tipped darts {throwing}
Armour
 c - a +0 buckler (worn)
 n - a +2 cloak (melded)
   (You found it on level 2 of the Dungeon)
 y - the +8 chain mail of Qigor (melded) {Dex+2}
   (Okawaru gifted it to you on level 1 of the Lair of Beasts)

   Dex:       It affects your dexterity (+2).
 C - a +2 pair of boots (melded)
   (You found it on level 4 of the Dungeon)
Magical Staves
 G - a staff of poison {!astaff}
   (You found it on level 6 of the Lair of Beasts)
Jewellery
 l - a ring of protection from fire
   (You found it on level 1 of the Dungeon)
 A - a ring of resist corrosion (right branch)
   (You found it on level 11 of the Dungeon)
 R - a ring of poison resistance (left branch)
   (You found it on level 4 of the Lair of Beasts)
 U - an amulet of the acrobat (around neck)
   (You found it on level 4 of the Lair of Beasts)
Wands
 a - a wand of iceblast (17)
   (You found it on level 3 of the Dungeon)
 D - a wand of polymorph (8)
   (You took it off Grinder on level 6 of the Dungeon)
 K - a wand of flame (27)
   (You took it off Duvessa on level 6 of the Dungeon)
 M - a wand of paralysis (7)
   (You found it on level 7 of the Dungeon)
 V - a wand of charming (6)
   (You found it on level 9 of the Dungeon)
 W - a wand of digging (8)
   (You found it on level 9 of the Dungeon)
Scrolls
 b - 8 scrolls of fear
 e - 8 scrolls of magic mapping {!r}
 f - 2 scrolls of holy word
 i - a scroll of summoning
 k - 2 scrolls of enchant weapon
 m - 4 scrolls of immolation {!r!r}
 u - a scroll of blinking {!r}
 v - 2 scrolls of silence {!r}
 w - 6 scrolls of teleportation {@r4}
 E - 2 scrolls of noise {!r}
 I - a scroll of brand weapon
 O - 3 scrolls of amnesia
 P - a scroll of torment {!r}
Potions
 d - a potion of might
 j - 2 potions of brilliance
 q - 2 potions of attraction {!q}
 s - 3 potions of flight
 x - 3 potions of degeneration {!q@e2}
 z - a potion of resistance
 B - 5 potions of mutation {!q}
 H - a potion of magic
 N - a potion of berserk rage {!q}
 Q - a potion of invisibility
Miscellaneous
 o - a tin of tremorstones (2/2) {throwing}
   (You found it on level 1 of the Lair of Beasts)

Dungeon Overview and Level Annotations

Branches:
Dungeon (11/15)            Temple (0/1) D:7            Lair (6/6) D:11
  Swamp (0/4) Lair:2       Spider (0/4) Lair:4          Orc (0/2) D:9
Ossuary (visited)
  Slime: Lair:5-6

Altars:
Cheibriados
Okawaru
Uskayaw
Vehumet
Wu Jian
Xom
Yredelemnul
Zin
The Shining One

Shops:
D:6 (

Annotations:
D:10 Gastronok

###....# ##......# ##P
.....k. #P....# ..........
##....### ..........
#....#..## ###.#P......
.÷..P..#.###≈≈..≈.P...
.≈...†≈.≈...≈≈≈≈≈≈≈.
..##≈≈##≈≈##≈≈##≈≈# #
.≈##≈≈##P†#≈≈.≈#♣H##≈≈≈#
.≈≈≈≈≈≈≈.≈≈≈≈≈≈≈SFFP≈≈≈≈ .
..≈≈≈≈##≈##.≈≈≈##≈##≈.≈≈ .
#≈##≈≈#≈≈≈≈≈≈≈≈≈.≈≈#≈≈≈#≈#
#≈##≈≈#.#≈#≈≈8.#≈#k#≈≈##≈
#≈≈≈≈≈#.≈≈≈P≈≈≈≈≈≈8k≈PP≈
..≈≈#####≈≈≈≈≈.###≈≈≈
≈#⌠≈≈≈≈≈≈≈≈≈≈⌠#≈.# ##
.≈≈≈≈8≈≈≈≈8≈.≈#≈≈##.≈#


You could see a sea snake, 2 cane toads, a harpy and 3 rime drakes.


Message History

The flash freeze misses you. The sea snake bites you.
* * * LOW HITPOINT WARNING * * *
You are lethally poisoned!
The sea snake poisons you! 😨 HP[-1]
You take 1 damage, and now have 55/146 hp.
You feel better. You block the cane toad's attack.
The rime drake barely misses you. You furiously retaliate!
You headbutt the rime drake. The sea snake closely misses you.
The cane toad stings you.
* * * LOW HITPOINT WARNING * * *
😨 HP[+5]
You regained 5 hp, and now have 60/146 hp.
Blink to where?
Press: ? - help, Q - select action, (/) - cycle Dir - move target Splash!
As you read the scroll of blinking {!r}, it crumbles to dust. 😨 HP[+1]
The rime drake breathes ice at you. The flash freeze hits you.
You partially resist.
* * * LOW HITPOINT WARNING * * *
You are encased in ice. 😨 HP[-3]
You take 3 damage, and now have 58/146 hp.
The sea snake bites you!
* * * LOW HITPOINT WARNING * * *
😨 HP[-9]
You take 9 damage, and now have 49/146 hp.
Your unstable footing causes you to fumble your attack.
You block the cane toad's attack.
The sea snake bites you but does no damage.
Your unstable footing causes you to fumble your attack.
The sea snake bites you but does no damage.
Your unstable footing causes you to fumble your attack.
The ice encasing you melts away. The cane toad stings you!
* * * LOW HITPOINT WARNING * * *
The cane toad stings you but does no damage.
The sea snake closely misses you. 😨 HP[-7]
You take 7 damage, and now have 42/146 hp.
You barely miss the sea snake. The cane toad stings you!
* * * LOW HITPOINT WARNING * * *
The cane toad closely misses you. 😱 HP[-13]
You take 13 damage, and now have 29/146 hp.
Your unstable footing causes you to fumble your attack.
You block the sea snake's attack. The cane toad stings you.
* * * LOW HITPOINT WARNING * * *
The cane toad stings you!
* * * LOW HITPOINT WARNING * * *
The rime drake bites you but does no damage. 😱 HP[-21]
You take 21 damage, and now have 8/146 hp.
Blink to where?
Press: ? - help, Q - select action, (/) - cycle Dir - move target Splash!
A harpy comes into view.
As you read the scroll of blinking {!r}, it crumbles to dust.
The harpy screeches! 😱 HP[+1]
You feel much better.
You block the harpy's attack. x2 😱 HP[+25]
You regained 25 hp, and now have 34/146 hp.
Your unstable footing causes you to fumble your attack.
The harpy screeches!
The harpy claws you but does no damage. You block the harpy's attack.
The harpy completely misses you. You furiously retaliate!
You headbutt the harpy! You block the harpy's attack.
You block the sea snake's attack.
You impale the sea snake!!
Your weapon exudes an aura of protection.
Your headbutt misses the sea snake.
The harpy claws you but does no damage. x2
The sea snake bites you.
* * * LOW HITPOINT WARNING * * *
You are lethally poisoned!
The sea snake poisons you!
You block the harpy's attack. x2 😱 HP[-5]
You take 5 damage, and now have 29/146 hp.
You are confused.
You feel invigorated.
* * * LOW HITPOINT WARNING * * *
You feel extremely sick. The cane toad stings you!
* * * LOW HITPOINT WARNING * * *
A rime drake comes into view.
The sea snake bites you but does no damage.
The harpy claws you!
* * * LOW HITPOINT WARNING * * *
The harpy claws you but does no damage. 😱 HP[-27]
You take 27 damage, and now have 2/146 hp.
Unknown command.
You are too confused!
Really quaff the potion of lignification?
You turn into a tree.
Your +2 cloak melds into your body.
Your +2 pair of boots melds into your body.
The +8 chain mail of Qigor {Dex+2} melds into your body.
Your roots penetrate the ground.
You die...

Skill      XL: |  1  2  3  4  5  6  7  8  9 10 11 12 13 |
---------------+----------------------------------------+-----
Fighting       | 4 5 6 7 8 10 12 13 15 17 19 | 19.0
Axes           | 3 |  3.8
Maces & Flails | 1 3 4 5 7 9 11 13 15 16 18 | 18.5
Throwing       | 3 5 |  5.4
Armour         | 6 8 10 | 10.3
Shields        | |  3.6

Action                   |  1- 3 |  4- 6 |  7- 9 | 10-12 | 13-15 || total
-------------------------+-------+-------+-------+-------+-------++-------
Melee: War axe           |    71 |       |       |       |       ||    71
       Headbutt          |    12 |    17 |    27 |   102 |    88 ||   246
       Morningstar       |    14 |    98 |   137 |   514 |   310 ||  1073
       Unarmed           |       |       |    24 |       |       ||    24
Throw: Boomerang         |       |       |       |    12 |     3 ||    15
  Use: Scroll            |       |       |    11 |    12 |     7 ||    30
       Potion            |       |       |     5 |    16 |     4 ||    25
Armor: Scale mail        |    35 |    32 |     8 |       |       ||    75
       Chain mail        |       |       |    56 |   257 |   274 ||   587
       Skin              |       |       |     1 |     7 |       ||     8
       Plate armour      |       |       |       |   111 |       ||   111
Dodge: Dodged            |    44 |    39 |    35 |   180 |   162 ||   460
Block: Buckler           |    16 |    15 |    23 |   118 |   105 ||   277

Levels and vault maps discovered:
D:1:      onia_arrival_mini_maze_b, layout_basic
D:2:      minmay_general_purpose_star, layout_basic,
          shapermc_ecumenical_altar_rom_forum
D:3:      layout_loops_corners, mainiacjoe_overflow_tiny_flanked
D:4:      layout_basic, nicolae_ossuary_entry_false_entrances
D:5:      layout_gridville, grunt_temple_overflow_octagram,
          minmay_increasing_density
D:6:      layout_basic, serial_shops, nicolae_stop_n_shop_2, uniq_pikel,
          uniq_blork_the_orc, uniq_grinder, uniq_duvessa
D:7:      layout_rooms, mainiacjoe_overflow_six_doors_small,
          minmay_temple_entry_proselytizer, minmay_door_square,
          lemuel_flame_loot_1, uniq_harold
D:8:      layout_loops_ring, hangedman_abyss_or_decor_jellyfish_corner
D:9:      layout_rooms, orc_0_dummy
D:10:     layout_irregular_city, uniq_psyche, uniq_gastronok
D:11:     layout_rooms, due_lair_maze_entry_diamond, serial_rivers,
          chequers_serial_rivers_micro_d, chequers_serial_rivers_micro_c,
          chequers_serial_rivers_micro_a, chequers_serial_rivers_micro_e,
          chequers_serial_rivers_micro_b, chequers_serial_rivers_micro_b
Lair:1:   dreamdust_labyrinth, layout_cave_pods,
          nicolae_lair_grove_arrangements, kennysheep_abandoned_house
Lair:2:   statuecave_lemuel, layout_loops_ring,
          nicolae_swamp_entry_splash_gauntlet, lemuel_fruit_tree
Lair:3:   layout_cave_pods
Lair:4:   nzn_winding_woodlands_stair_trap [nzn_winding_woodlands_5x15_pockets,
          nzn_winding_woodlands_5x15_default,
          nzn_winding_woodlands_5x15_default,
          nzn_winding_woodlands_15x15_thick_spiral,
          nzn_winding_woodlands_5x15_jagged,
          nzn_winding_woodlands_5x15_lazy_stream,
          nzn_winding_woodlands_5x15_pathside_ponds], layout_gridlike,
          nicolae_spider_entry_non_spiders, uniq_urug, uniq_rupert
Lair:5:   layout_small_grid, gauntlet_entry_generic
Lair:6:   gammafunk_lair_ancient_temple, layout_hall_layers,
          minmay_slime_entry_oklob_enclosed, grunt_forest_large_clearing_hut

Notes
Turn   | Place    | Note
-------+----------+-------------------------------------------
     0 | D:1      | Sanktem7 the Minotaur Fighter began the quest for the Orb.
     0 | D:1      | Reached XP level 1. HP: 19/19 MP: 0/0
     0 | D:1      | magus.rc [v1.9.6]
   120 | D:1      | Reached skill level 4 in Fighting
   121 | D:1      | Reached skill level 3 in Axes
   121 | D:1      | Reached XP level 2. HP: 27/27 MP: 1/1
   972 | D:1      | Reached XP level 3. HP: 34/34 MP: 2/2
  1372 | D:2      | Found a faded altar of an unknown god.
  1412 | D:2      | Got Plato's Catalogue of Venom and Transmigration {@e2}
  1531 | D:2      | Identified the +10 morningstar "Cuos Nae" {protect, rPois
                  | rC+++ Str-3 Dex+4}
  2158 | D:3      | Reached skill level 1 in Maces & Flails
  2158 | D:3      | Reached XP level 4. HP: 41/41 MP: 3/3
  2193 | D:3      | Reached skill level 5 in Fighting
  2488 | D:3      | Found a hide-covered altar of Uskayaw.
  2538 | D:3      | You fall into a shaft and drop 2 floors!
  2538 | D:5      | Entered Level 5 of the Dungeon
  2540 | D:5      | Noticed a phantom
  2556 | D:5      | Killed a phantom
  2557 | D:5      | Reached skill level 3 in Maces & Flails
  2557 | D:5      | Reached XP level 5. HP: 45/50 MP: 4/4
  2573 | D:5      | Noticed an ogre
  2583 | D:5      | Killed an ogre
  2584 | D:5      | Reached skill level 6 in Fighting
  2584 | D:5      | Reached skill level 4 in Maces & Flails
  2584 | D:5      | Reached XP level 6. HP: 24/58 MP: 5/5
  2980 | D:4      | Found a sand-covered staircase.
  2985 | Ossuary  | Entered an ossuary
  3249 | D:4      | Reached skill level 7 in Fighting
  3408 | D:3      | Reached skill level 5 in Maces & Flails
  3577 | D:4      | Reached XP level 7. HP: 66/66 MP: 6/6
  4277 | D:5      | Reached skill level 6 in Maces & Flails
  4280 | D:5      | Reached skill level 8 in Fighting
  4784 | D:5      | Found a glowing silver altar of Zin.
  4790 | D:5      | Found a radiant altar of Vehumet.
  4798 | D:5      | Found an iron altar of Okawaru.
  4802 | D:5      | Found a shimmering altar of Xom.
  4810 | D:5      | Became a worshipper of Warmaster Okawaru
  4826 | D:5      | Found an ornate altar of the Wu Jian Council.
  4837 | D:5      | Found a snail-covered altar of Cheibriados.
  4848 | D:5      | Found a basalt altar of Yredelemnul.
  4909 | D:6      | Reached skill level 7 in Maces & Flails
  4986 | D:6      | Reached XP level 8. HP: 64/77 MP: 7/7
  4988 | D:6      | Found Asei's Antique Weapon Shoppe.
  5044 | D:6      | Noticed Grinder
  5048 | D:6      | Paralysed by Grinder for 3 turns
  5064 | D:6      | HP: 10/77 [Grinder/nerve-wracking pain (12)]
  5070 | D:6      | HP: 7/77 [Grinder/nerve-wracking pain (4)]
  5078 | D:6      | HP: 16/77 [Grinder (6)]
  5466 | D:6      | Paralysed by Grinder for 4 turns
  5489 | D:6      | Killed Grinder
  5490 | D:6      | Reached skill level 9 in Fighting
  5633 | D:6      | Reached skill level 8 in Maces & Flails
  5633 | D:6      | Noticed Blork the orc
  5644 | D:6      | Killed Blork the orc
  5680 | D:6      | Reached * piety under Okawaru
  5763 | D:6      | Reached skill level 10 in Fighting
  5767 | D:6      | Noticed Pikel
  5779 | D:6      | Killed Pikel
  5779 | D:6      | Reached ** piety under Okawaru
  5780 | D:6      | Reached skill level 9 in Maces & Flails
  5780 | D:6      | Reached XP level 9. HP: 86/86 MP: 8/8
  5978 | D:6      | Reached skill level 11 in Fighting
  5999 | D:6      | You pick up a book of Maledictions and begin reading...
  5999 | D:6      | You add the spells Anguish and Enfeeble to your library.
  6039 | D:6      | Noticed Dowan
  6052 | D:6      | Killed Dowan
  6059 | D:6      | Noticed Duvessa
  6065 | D:6      | Killed Duvessa
  6066 | D:6      | Reached skill level 10 in Maces & Flails
  6066 | D:6      | Reached skill level 1 in Throwing
  6301 | D:6      | magus.rc [v1.9.6]
  6307 | D:7      | Found a staircase to the Ecumenical Temple.
  6605 | D:7      | Noticed Harold
  6611 | D:7      | Killed Harold
  6611 | D:7      | Reached *** piety under Okawaru
  6612 | D:7      | Reached skill level 12 in Fighting
  6612 | D:7      | Reached skill level 11 in Maces & Flails
  6612 | D:7      | Reached skill level 2 in Throwing
  6784 | D:7      | Reached skill level 3 in Throwing
  6862 | D:7      | Found a glowing golden altar of the Shining One.
  7254 | D:8      | Reached XP level 10. HP: 87/99 MP: 9/9
  7324 | D:8      | You pick up a book of Beasts and begin reading...
  7582 | D:8      | You pick up a book of the Wilderness and begin reading...
  7927 | D:9      | Reached **** piety under Okawaru
  8106 | D:9      | Reached skill level 12 in Maces & Flails
  8106 | D:9      | Reached skill level 4 in Throwing
  8111 | D:9      | Reached skill level 13 in Fighting
  8405 | D:9      | Noticed a two-headed ogre
  8413 | D:9      | HP: 8/101 [two-headed ogre/+0 giant club (25)]
  8795 | D:9      | Killed a two-headed ogre
  8795 | D:9      | Reached ***** piety under Okawaru
  9084 | D:9      | You pick up a book of Blasting and begin reading...
  9084 | D:9      | You add the spells Fulminant Prism, Iskenderun's Mystic
                  | Blast and Lee's Rapid Deconstruction to your library.
  9116 | D:9      | Found a staircase to the Orcish Mines.
  9339 | D:9      | Gained mutation: You are dopey. (Int -2) [potion of
                  | mutation]
  9515 | D:10     | Entered Level 10 of the Dungeon
  9547 | D:10     | Noticed Psyche
  9562 | D:10     | Paralysed by something for 3 turns
 10104 | D:11     | Noticed a boulder beetle
 10111 | D:10     | HP: 20/102 [wyvern (12)]
 10112 | D:10     | Reached skill level 5 in Throwing
 10115 | D:10     | Reached skill level 13 in Maces & Flails
 10435 | D:10     | HP: 22/102 [boulder beetle (15)]
 10436 | D:10     | Killed a boulder beetle
 10436 | D:10     | Received a gift from Okawaru
 10437 | D:10     | Reached XP level 11. HP: 23/108 MP: 10/10
 10753 | D:10     | Reached skill level 14 in Fighting
 10849 | D:10     | Killed Psyche
 11054 | D:10     | Noticed Gastronok
 11322 | D:11     | Noticed a two-headed ogre
 11338 | D:11     | Killed a two-headed ogre
 11338 | D:11     | Received a gift from Okawaru
 11339 | D:11     | Reached skill level 4 in Armour
 11358 | D:11     | Received a gift from Okawaru
 12247 | D:10     | magus.rc [v1.9.6]
 12297 | D:11     | Reached skill level 14 in Maces & Flails
 12615 | D:11     | Noticed a centaur warrior
 12621 | D:11     | HP: 16/111 [centaur warrior/arrow (21)]
 12627 | D:11     | HP: 24/111 [centaur warrior (5)]
 12641 | D:11     | HP: 8/111 [centaur warrior/arrow (20)]
 12642 | D:11     | HP: 3/111 [centaur warrior/arrow (5)]
 12647 | D:11     | HP: 13/111 [centaur warrior (2)]
 12648 | D:11     | Killed a centaur warrior
 12649 | D:11     | Reached skill level 15 in Fighting
 12649 | D:11     | Reached skill level 5 in Armour
 13018 | D:11     | Found a staircase to the Lair.
 13176 | Lair:1   | Entered Level 1 of the Lair of Beasts
 13564 | Lair:1   | Noticed a four-headed hydra
 13578 | Lair:1   | Killed a four-headed hydra
 13643 | Lair:1   | Noticed a seven-headed hydra
 13654 | Lair:1   | Killed a seven-headed hydra
 13654 | Lair:1   | Identified the +8 chain mail of Qigor {Dex+2} (Okawaru
                  | gifted it to you on level 1 of the Lair of Beasts)
 13654 | Lair:1   | Received a gift from Okawaru
 13656 | Lair:1   | Reached skill level 6 in Armour
 14516 | Lair:1   | Reached skill level 15 in Maces & Flails
 14516 | Lair:1   | Reached XP level 12. HP: 116/122 MP: 11/11
 14816 | Lair:2   | Reached skill level 16 in Fighting
 14882 | Lair:2   | Found a staircase to the Swamp.
 15211 | Lair:2   | You pick up a book of the Tundra and begin reading...
 15211 | Lair:2   | You add the spells Hailstorm and Ice Form to your library.
 15433 | Lair:2   | Noticed a six-headed hydra
 15438 | Lair:2   | Killed a six-headed hydra
 15439 | Lair:2   | Reached skill level 7 in Armour
 16083 | Lair:3   | Reached skill level 16 in Maces & Flails
 17049 | Lair:4   | Noticed a five-headed hydra
 17056 | Lair:4   | Killed a five-headed hydra
 17056 | Lair:4   | Received a gift from Okawaru
 17057 | Lair:4   | Reached skill level 17 in Fighting
 17057 | Lair:4   | Reached skill level 8 in Armour
 17071 | Lair:4   | Noticed a four-headed hydra
 17074 | Lair:4   | Noticed an eight-headed hydra
 17078 | Lair:4   | Killed a four-headed hydra
 17086 | Lair:4   | Killed an eight-headed hydra
 17409 | Lair:4   | Received a gift from Okawaru
 17582 | Lair:4   | Found a hole to the Spider Nest.
 17584 | Lair:4   | Noticed a boulder beetle
 17618 | Lair:4   | Killed a boulder beetle
 17643 | Lair:4   | Reached ****** piety under Okawaru
 17643 | Lair:4   | Received a gift from Okawaru
 17649 | Lair:4   | Reached XP level 13. HP: 108/132 MP: 12/12
 18092 | Lair:4   | Reached skill level 17 in Maces & Flails
 18221 | Lair:4   | Reached skill level 9 in Armour
 18239 | Lair:4   | Received a gift from Okawaru
 18727 | Lair:4   | Reached skill level 18 in Fighting
 18882 | Lair:4   | Noticed Rupert
 18883 | Lair:4   | Paralysed by Rupert for 6 turns
 18892 | Lair:4   | Killed Rupert
 19072 | Lair:4   | Noticed Urug
 19081 | Lair:4   | Killed Urug
 19811 | Lair:5   | Found a gate leading to a gauntlet.
 19852 | Lair:5   | Reached skill level 18 in Maces & Flails
 19877 | Lair:5   | You pick up a book of Cantrips and begin reading...
 20488 | Lair:5   | Received a gift from Okawaru
 20497 | Lair:5   | Reached skill level 10 in Armour
 20890 | Lair:6   | Entered Level 6 of the Lair of Beasts
 20917 | Lair:5   | Received a gift from Okawaru
 20924 | Lair:5   | HP: 34/136 [death yak (7)]
 21320 | Lair:6   | Reached skill level 19 in Fighting
 21320 | Lair:6   | Reached XP level 14. HP: 134/146 MP: 13/13
 21357 | Lair:6   | Found the +7 captain's cutlass {speed, disarm}
 21383 | Lair:6   | You pick up a book of Conjurations {@e2} and begin
                  | reading...
 21383 | Lair:6   | You add the spells Magic Dart and Searing Ray to your
                  | library.
 21418 | Lair:6   | HP: 29/146 [cane toad (13)]
 21419 | Lair:6   | HP: 8/146 [cane toad (16)]
 21424 | Lair:6   | HP: 29/146 [sea snake (6)]
 21425 | Lair:6   | HP: 11/146 [cane toad (12)]
 21425 | Lair:6   | HP: 2/146 [harpy (9)]
 21426 | Lair:6   | Succumbed to a sea snake's poison

Vanquished Creatures
  Rupert (Lair:4)
  Harold (D:7)
  8 hydras
  A merfolk avatar (Lair:6)
  3 boulder beetles
  A centaur warrior (D:11)
  5 death yaks
  2 two-headed ogres
  2 catoblepae (Lair:4)
  Urug (Lair:4)
  A sea snake (Lair:6)
  2 bog bodies (Lair:2)
  Pikel (D:6)
  5 black mambas
  2 torpor snails (Lair:4)
  11 cane toads
  A kobold demonologist (D:10)
  Psyche (D:10)
  2 rime drakes (Lair:4)
  7 komodo dragons
  2 trolls (D:10)
  2 polar bears
  A hornet (D:10)
  Grinder (D:6)
  14 blink frogs
  4 wyverns
  A vampire (D:10)
  A wraith (D:11)
  49 yaks
  3 steam dragons
  3 basilisks
  5 vampire mosquitoes
  2 swamp worms (Lair:2)
  11 water moccasins
  Duvessa (D:6)
  5 orc warriors
  An ice beast (D:6)
  3 black bears
  6 wolves (Lair:4)
  4 ogres
  3 centaurs
  4 phantoms
  A kobold brigand (D:9)
  Blork the orc (D:6)
  17 bullfrogs
  6 scorpions
  A wyvern zombie (D:6)
  Dowan (D:6)
  3 killer bees (D:9)
  2 electric eels (Lair:2)
  8 wights
  3 howler monkeys
  A bullfrog zombie (D:5)
  3 centaur skeletons (D:6)
  2 centaur zombies
  4 hounds
  4 orc priests
  2 jellies (D:7)
  2 bullfrog skeletons
  2 iguanas (D:4)
  9 orc wizards
  10 hell rats
  A hound skeleton (D:5)
  3 mummies (Ossuary)
  A howler monkey zombie (D:4)
  9 adders
  4 gnolls
  A howler monkey skeleton (D:7)
  10 river rats (Lair:1)
  A white imp (D:7)
  4 adder zombies (Ossuary)
  7 worms
  3 dart slugs
  25 orcs
  4 ball pythons
  9 bats
  9 endoplasms
  2 giant cockroaches
  A gnoll zombie (Ossuary)
  6 goblins
  5 hobgoblins
  4 jackals (D:1)
  9 kobolds
  6 quokkas
  2 frilled lizards
  2 goblin zombies (Ossuary)
  2 hobgoblin zombies (Ossuary)
  3 kobold zombies (Ossuary)
  4 quokka zombies (Ossuary)
  7 rats
  2 rat zombies (Ossuary)
412 creatures vanquished.

Vanquished Creatures (others)
  41 fungi
  60 plants
101 creatures vanquished.

Grand Total: 513 creatures vanquished

Table legend:
 A = Non-vault XP
 B = Vault XP
 C = Vault XP percentage of total XP
 D = Non-vault monster count
 E = Vault monster count
 F = Vault count percentage of total count
                 A         B        C        D         E       F
            +---------+---------+-------+---------+---------+-------
      Total |   48352 |   17872 |  27.0 |     316 |      96 |  23.3
            +---------+---------+-------+---------+---------+-------
        D:1 |      42 |       0 |   0.0 |      21 |       0 |   0.0
        D:2 |      31 |       4 |  11.4 |      16 |       2 |  11.1
        D:3 |      73 |       0 |   0.0 |      16 |       0 |   0.0
        D:4 |     214 |       0 |   0.0 |      21 |       0 |   0.0
        D:5 |     582 |     269 |  31.6 |      11 |       8 |  42.1
        D:6 |    1024 |    1216 |  54.3 |      14 |       5 |  26.3
        D:7 |     694 |     938 |  57.5 |       9 |       2 |  18.2
        D:8 |    1249 |       0 |   0.0 |      27 |       0 |   0.0
        D:9 |    2982 |       0 |   0.0 |      26 |       0 |   0.0
       D:10 |    3459 |     358 |   9.4 |      22 |       1 |   4.3
       D:11 |    3129 |    1097 |  26.0 |      10 |       9 |  47.4
     Lair:1 |    4224 |     484 |  10.3 |      14 |      16 |  53.3
     Lair:2 |    5778 |    1759 |  23.3 |      22 |       5 |  18.5
     Lair:3 |    3722 |       0 |   0.0 |      16 |       0 |   0.0
     Lair:4 |    7631 |    9090 |  54.4 |      24 |      21 |  46.7
     Lair:5 |   11490 |       0 |   0.0 |      44 |       0 |   0.0
     Lair:6 |    2028 |    2565 |  55.8 |       3 |       6 |  66.7
    Ossuary |       0 |      92 | 100.0 |       0 |      21 | 100.0
            +---------+---------+-------+---------+---------+-------

Illustrated notes

Table legend:
 A = Kills in this place as a percentage of kills in entire the game.
 B = Kills by you in this place as a percentage of kills by you in the entire game.
 C = Kills by friends in this place as a percentage of kills by friends in the entire game.
 D = Other kills in this place as a percentage of other kills in the entire game.
 E = Experience gained in this place as a percentage of experience gained in the entire game.
 F = Experience gained in this place divided by the number of levels of this place that you have seen.
                   A       B       C       D       E      F
               +-------+-------+-------+-------+-------+----------------------
         Total | 100.0 | 100.0 |   N/A |   N/A | 100.0 | 3679.1
       Dungeon |  53.4 |  53.4 |   N/A |   N/A |  26.2 | 1578.3
          Lair |  41.5 |  41.5 |   N/A |   N/A |  73.6 | 8128.5
       Ossuary |   5.1 |   5.1 |   N/A |   N/A |   0.1 |  92.0
               +-------+-------+-------+-------+-------+----------------------

Table legend: (Time is in decaauts)
 A = Elapsed time spent in this place.
 B = Non-inter-level travel time spent in this place.
 C = Inter-level travel time spent in this place.
 D = Time resting spent in this place.
 E = Time spent auto-exploring this place.
 F = Levels seen in this place.
 G = Mean time per level.
                   A        B        C        D        E       F      G
               +--------+--------+--------+--------+--------+-----+--------+
         Total |  21419 |  20669 |    750 |   5498 |  10814 |  18 | 1189.9 |
       Dungeon |  13006 |  12576 |    430 |   3512 |   6221 |  11 | 1182.4 |
          Lair |   8198 |   7878 |    320 |   1924 |   4593 |   6 | 1366.3 |
       Ossuary |    213 |    213 |      0 |     62 |      0 |   1 |  213.0 |
               +--------+--------+--------+--------+--------+-----+--------+

Top non-repeatable levels by time:
  Lair:4: 2496 daAuts
    D:10: 1918 daAuts
    D:11: 1746 daAuts
  Lair:5: 1632 daAuts
     D:9: 1574 daAuts
  Lair:2: 1526 daAuts
     D:6: 1424 daAuts
  Lair:1: 1378 daAuts
     D:1: 1074 daAuts
     D:4: 1049 daAuts
     D:5: 956 daAuts
  Lair:3: 950 daAuts
     D:3: 889 daAuts
     D:8: 866 daAuts
     D:2: 764 daAuts
